Map: Port Aleksander LE

Players

Vindicta - Winner!

  • Race: Terran Terran
  • League: Grandmaster
  • Spawn Location: 5:00

Demi

  • Race: Zerg Zerg
  • League: Grandmaster
  • Spawn Location: 11:00

Event: 2019 WCS Winter Americas

VOD

Have the link to the VOD?

Description

Time

  • Played on: Feb. 2, 2019, 2:32 p.m.
  • Length: 6:52

All games in this series

Show
View Real Time Build Order
Export as new Build Order

Vindicta Terran - Winner!

Build Orders: Reaper Expand, Hellion Banshee 

Get SALT Encoding   

  12  0:03  SCV  
  13  0:15  SCV  
  13  0:20  Supply Depot  
  14  0:28  SCV  
  15  0:42  SCV  
  16  0:43  Barracks  
  16  0:46  Refinery  
  16  0:54  SCV  
  17  1:06  SCV  
  18  1:18  SCV  
  19  1:29  Reaper  
  19  1:31  Orbital Command  
  20  1:48  Command Center  
  20  1:59  SCV, Supply Depot  
  21  2:03  Marine  
  22  2:11  SCV  
  23  2:16  Factory  
  23  2:23  SCV  
  23  2:27  Barracks Reactor  
  23  2:28  Refinery  
  24  2:35  SCV  
  25  2:47  SCV  
  26  2:59  SCV  
  26  3:00  Starport  
  26  3:01  Orbital Command  
  27  3:11  SCV  
  30  3:13  Hellion x2  
  30  3:14  Barracks Tech Lab  
  32  3:21  Supply Depot  
  32  3:23  SCV  
  32  3:27  SCV  
  36  3:34  Hellion x2  
  36  3:36  SCV  
  36  3:41  SCV  
  39  3:44  Banshee  
  39  3:48  SCV  
  43  3:52  Hyperflight Rotors  
  43  3:53  SCV  
  44  3:56  Barracks Tech Lab  
  44  4:00  Hellion  
  44  4:01  SCV  
  47  4:03  Hellion  
  47  4:06  SCV  
  50  4:11  Supply Depot  
  50  4:13  SCV  
  51  4:18  SCV  
  51  4:22  Hellion  
  54  4:32  SCV, Banshee  
  54  4:33  SCV, Hellion  
  54  4:34  Supply Depot  
  61  4:41  Supply Depot  
  61  4:45  SCV  
  62  4:54  Command Center  
  62  4:56  SCV  
  62  4:58  SCV  
  63  5:00  Armory, Refinery  
  63  5:02  Refinery  
  63  5:03  Hellion  
  65  5:08  SCV  
  65  5:10  SCV, Hellion  
  69  5:20  SCV  
  70  5:22  Banshee  
  70  5:24  SCV  
  74  5:32  SCV  
  74  5:33  Hellion  
  77  5:38  Factory  
  77  5:39  SCV, Hellion, Factory  
  77  5:40  Supply Depot  
  80  5:44  SCV  
  81  5:50  Barracks Reactor  
  81  5:52  SCV  
  81  5:56  SCV  
  83  6:04  SCV  
  85  6:12  Hellion x2  
  85  6:13  Orbital Command  
  85  6:14  SCV  
  87  6:19  SCV  
  87  6:23  Armory  
  87  6:24  Starport Tech Lab  
  87  6:25  Supply Depot  
  88  6:30  SCV  
Show
View Real Time Build Order
Export as new Build Order

Demi Zerg 

Build Orders: Hatch First 

Get SALT Encoding   

  12  0:01  Drone  
  13  0:12  Overlord  
  13  0:18  Drone  
  14  0:31  Drone  
  14  0:32  Drone  
  16  0:50  Hatchery  
  16  0:53  Drone  
  17  0:57  Drone  
  17  1:00  Drone  
  18  1:11  Extractor  
  18  1:16  Spawning Pool  
  16  1:20  Drone  
  16  1:24  Drone  
  18  1:30  Drone  
  19  1:42  Drone  
  20  1:51  Drone  
  21  2:03  Queen x2  
  21  2:04  Zergling x4  
  27  2:12  Overlord  
  27  2:16  Metabolic Boost  
  27  2:22  Drone  
  28  2:32  Drone x2  
  29  2:38  Queen  
  31  2:45  Overlord  
  31  2:47  Drone  
  31  2:48  Drone x2  
  34  2:54  Drone  
  35  2:59  Overlord  
  35  3:04  Drone  
  36  3:06  Drone  
  37  3:14  Drone  
  37  3:15  Drone x5  
  43  3:24  Drone x2  
  45  3:38  Hatchery  
  45  3:39  Drone  
  45  3:41  Overlord  
  45  3:45  Queen  
  47  3:49  Queen  
  47  3:51  Overlord x2  
  49  3:57  Zergling x4  
  51  4:11  Baneling Nest  
  51  4:13  Zergling x6  
  51  4:14  Drone x2  
  55  4:22  Queen, Drone x2  
  59  4:25  Drone x3  
  59  4:26  Drone x2  
  64  4:32  Spore Crawler  
  64  4:34  Spore Crawler  
  64  4:35  Drone  
  64  4:36  Drone  
  64  4:38  Extractor  
  63  4:40  Spore Crawler, Zergling x2  
  63  4:45  Spore Crawler, Drone  
  63  4:51  Lair  
  63  4:55  Queen  
  65  5:02  Drone  
  65  5:03  Drone x3  
  69  5:07  Overlord x2  
  69  5:13  Drone x3  
  69  5:14  Drone x2  
  74  5:16  Drone  
  74  5:20  Spore Crawler  
  71  5:26  Drone x3  
  75  5:32  Extractor  
  75  5:33  Evolution Chamber  
  75  5:35  Evolution Chamber  
  72  5:38  Drone  
  72  5:39  Drone x5  
  78  5:45  Extractor  
  78  5:47  Drone x5  
  82  5:53  Extractor  
  82  5:54  Extractor  
  82  5:55  Queen  
  82  5:59  Overlord  
  82  6:00  Overlord  
  82  6:03  Baneling x4  
  82  6:06  Baneling, Zergling x2  
  82  6:07  Zergling x14  
  81  6:24  Zergling x8  
  81  6:25  Zergling x2  
  81  6:32  Zergling x6  
Tags
 
Add a new tag
Caveats
  • Supply blocks, unpowered buildings, or Contaminate may cause inaccurate times.
  • Supply counts are checked every 10 seconds.